 Dungeon Crawl Stone Soup version 0.19.1-1-g22dce08 (webtiles) character file.

212 Faustar the Magician (level 5, -9/31 HPs)
             Began as a High Elf Conjurer on Dec 29, 2016.
             Mangled by Dolanko's ghost (10 damage)
             ... on level 3 of the Dungeon.
             The game lasted 00:08:43 (2949 turns).

Faustar the Magician (High Elf Conjurer)            Turns: 2949, Time: 00:08:43

Health: -9/31      AC:  2    Str:  7    XL:     5   Next: 58%
Magic:  0/14       EV: 13    Int: 19    God:
Gold:   134        SH:  0    Dex: 16    Spells: 3 memorised, 9 levels left

rFire  . . .     SeeInvis .     n - +0 dagger (venom)
rCold  . . .     Gourm    .     a - +0 robe
rNeg   . . .     Faith    .     (no shield)
rPois  .         Spirit   .     (no helmet)
rElec  .         Reflect  .     (no cloak)
rCorr  .         Harm     .     (no gloves)
MR     .....                    (no boots)
Stlth  ++........               (no amulet)
                                (no ring)
                                (no ring)

@: no status effects
A: no striking features
a: no special abilities


You were on level 3 of the Dungeon.
You were not hungry.

You visited 1 branch of the dungeon, and saw 3 of its levels.
You also visited: Sewer.

You collected 134 gold pieces.

Inventory:

Hand Weapons
 n - a +0 dagger of venom (weapon)
Armour
 a - a +0 robe (worn)
Scrolls
 e - a scroll of enchant armour {unknown}
 h - a scroll of identify {unknown}
 j - a scroll of noise {unknown}
 l - a scroll of remove curse {unknown}
 o - a scroll of magic mapping {unknown}
 p - 3 scrolls of blinking {unknown}
 s - a scroll of fear {unknown}
 t - a scroll of teleportation {unknown}
 v - a scroll of immolation {unknown}
Potions
 f - 3 potions of curing {unknown}
 k - a potion of degeneration {unknown}
 q - 2 potions of lignification {unknown}
 r - 3 potions of magic {unknown}
 u - 2 potions of heal wounds {unknown}
Books
 b - a book of Conjurations

   Spells                             Type                      Level
   a - Magic Dart                     Conjuration                  1
   b - Searing Ray                    Conjuration                  2
   c - Dazzling Spray                 Conjuration/Hexes            3
   d - Fulminant Prism                Conjuration/Hexes            4
   e - Iskenderun's Mystic Blast      Conjuration                  4
   f - Iskenderun's Battlesphere      Conjuration/Charms           5
Comestibles
 c - 2 bread rations
 g - a beef jerky
 i - a slice of pizza
 m - a meat ration


   Skills:
 - Level 2.1 Dodging
 - Level 2.1 Stealth
 - Level 6.2 Spellcasting
 * Level 4.8 Conjurations


You had 9 spell levels left.
You knew the following spells:

 Your Spells              Type           Power        Failure   Level  Hunger
a - Magic Dart            Conj           ###.         1%          1    None
b - Searing Ray           Conj           ###...       2%          2    None
c - Fulminant Prism       Conj/Hex       ###.......   38%         4    ####...


Dungeon Overview and Level Annotations

Branches:
Dungeon (3/15)

Altars:
Hepliaklqana
Kikubaaqudgha

Annotations:
D:3 Dolanko's ghost, amateur TrMo


Message History

Dolanko's ghost barely misses you.
The searing ray hits Dolanko's ghost.
Dolanko's ghost is severely damaged.
You finish channeling your searing ray.
Dolanko's ghost whispers, "It is all a dream - a grotesque and foolish dream."
Dolanko's ghost barely misses you.
Dolanko's ghost screams, "I'll kill anyone who wants the ORB!"
Dolanko's ghost hits you.
Casting: Searing Ray
Confirm with . or Enter, or press ? or * to list all spells.
Aiming: Searing Ray
Press: ? - help, Shift-Dir - straight line, f/p - Dolanko's ghost
Aim: Dolanko's ghost (severely damaged)
The searing ray hits Dolanko's ghost.
Dolanko's ghost is severely damaged.
Dolanko's ghost hits you.
The searing ray misses Dolanko's ghost.
Dolanko's ghost hits you!
* * * LOW HITPOINT WARNING * * *
Dolanko's ghost hits you!
You die...

...............#....#.##.#
......##########.........#
......# ###.###.### ......#
#.##...#
......############.#....# .
.........[.....##..#....# ...
..........<.............#....
............(..##.###........
####)...........@W...)...#(.
# #......####.#####.###.# . #
#....).# #.# #........ #
#......# #.# ######... #
#.).)..####.# ###### .. #
#......#....###....#
#..................#
#.......#######.(..#
#.......#≈≈≈≈≈#....+


You could see Dolanko's ghost.

Vanquished Creatures
  A hound (D:3)
  4 gnolls
  6 adders
  2 river rats (Sewer)
  An ooze (D:2)
  3 dart slugs (D:1)
  A leopard gecko (D:3)
  2 orcs (D:3)
  5 ball pythons (Sewer)
  4 giant cockroaches
  8 goblins
  2 hobgoblins
  2 jackals (D:2)
  6 kobolds
  A quokka (D:3)
  2 bats (D:2)
  9 frilled lizards
  9 rats
68 creatures vanquished.

Notes
Turn   | Place    | Note
-------+----------+-------------------------------------------
     0 | D:1      | Faustar the High Elf Conjurer began the quest for the Orb.
     0 | D:1      | Reached XP level 1. HP: 11/11 MP: 4/4
   446 | D:1      | Reached skill level 3 in Spellcasting
   523 | D:1      | Reached XP level 2. HP: 14/17 MP: 0/7
  1031 | D:1      | Learned a level 2 spell: Searing Ray
  1034 | D:1      | Reached skill level 4 in Spellcasting
  1034 | D:1      | Reached XP level 3. HP: 19/21 MP: 4/9
  1327 | D:2      | Found an ancient bone altar of Kikubaaqudgha.
  1939 | D:3      | Reached XP level 4. HP: 27/27 MP: 4/11
  1947 | D:3      | Found a hazy altar of Hepliaklqana.
  2033 | D:3      | Found a glowing drain.
  2045 | D:3      | Reached skill level 5 in Spellcasting
  2101 | Sewer    | Entered a sewer
  2496 | Sewer    | Reached XP level 5. HP: 31/31 MP: 11/14
  2675 | D:3      | Reached skill level 6 in Spellcasting
  2756 | D:3      | Learned a level 4 spell: Fulminant Prism
  2937 | D:3      | Noticed Dolanko's ghost (amateur TrMo)
  2948 | D:3      | HP: 1/31 [Dolanko's ghost (10)]
  2949 | D:3      | Mangled by Dolanko's ghost

Skill      XL: |  1  2  3  4  5 |
---------------+----------------+-----
Spellcasting   | 3 4 5 6 |  6.2
Dodging        | |  2.1
Stealth        | |  2.1
Conjurations   | |  4.8

Action                   |  1- 3 |  4- 6 || total
-------------------------+-------+-------++-------
Melee: Unarmed           |     3 |       ||     3
       Dagger            |     5 |    16 ||    21
 Cast: Magic Dart        |    69 |    35 ||   104
       Searing Ray       |     2 |    11 ||    13
 Stab: Sleeping          |     1 |     2 ||     3
  Eat: Chunk             |     3 |     3 ||     6
Armor: Robe              |     1 |     4 ||     5
Dodge: Dodged            |    15 |    23 ||    38
